 Dungeon Sprint DCSS version 0.18.1-50-g88ac8fd (webtiles) character file.

130 Kagutsuchi the Skirmisher (level 4, -1/47 HPs)
             Began as a Draconian Berserker on Oct 21, 2016.
             Was a Follower of Trog.
             Slain by a worm (5 damage)
             ... in the Dungeon (Sprint II: "The Violet Keep of Menkaure").
             The game lasted 00:00:43 (24 turns).

Kagutsuchi the Skirmisher (Draconian Berserker)       Turns: 24, Time: 00:00:43

Health: -1/47      AC:  5    Str: 20      XL:     4   Next: 90%
Magic:  3/3        EV: 14    Int:  5 (7)  God:    Trog [*.....]
Gold:   0          SH:  0    Dex: 11      Spells: 0 memorised, 3 levels left

rFire  . . .     SeeInvis .     a - +0 falchion
rCold  . . .     Gourm    .     (armour unavailable)
rNeg   . . .     Faith    .     (no shield)
rPois  .         Spirit   .     (helmet restricted)
rElec  .         Dismiss  .     (no cloak)
rCorr  .         Reflect  .     (no gloves)
SustAt .         Harm     .     (no boots)
MR     .....     NoTele   +     (no amulet)
Stlth  +.........               (no ring)
                                (no ring)

@: exhausted, slowed, very slow, not resistant to hostile enchantments, very
unstealthy
A: unfitting armour, low mp 1, screaming 1, cold-blooded, AC +5
a: Berserk, Burn Spellbooks, Renounce Religion


You were in the Dungeon.
You worshipped Trog.
Trog was aware of your devotion.
You were very full.

You visited 1 branch

Inventory:

Hand Weapons
 a - a +0 falchion (weapon)
Scrolls
 h - a scroll of blinking
Potions
 d - a potion of heal wounds
 e - a potion of haste
 f - 2 potions of magic
 g - a potion of berserk rage


   Skills:
 + Level 7.0 Fighting
 + Level 6.2 Long Blades
 + Level 5.9 Dodging


You had 3 spell levels left.
You didn't know any spells.

Dungeon Overview and Level Annotations

Branches:
Dungeon (1/1)

Altars:


Innate Abilities, Weirdness & Mutations

Your plain brown scales are hard (AC +5).
Your body does not fit into most forms of armour.
You are cold-blooded and may be slowed by cold attacks.
Your magical capacity is low (-10% MP).
You occasionally shout uncontrollably at your foes.


Message History

The neqoxec gestures at you.
Something tries to feed on your intellect!
The hippogriff bites you. The hippogriff pecks you.
The hippogriff barely misses you. The worm bites you but does no damage.
You continue eating.
The neqoxec gestures at you.
You feel dopey. Something feeds on your intellect! The hippogriff bites you!
* * * LOW HITPOINT WARNING * * *
The hippogriff misses you. The hippogriff closely misses you.
The worm bites you but does no damage.
You continue eating.
The hippogriff completely misses you.
The hippogriff pecks you but does no damage.
The hippogriff misses you. The neqoxec hits you.
* * * LOW HITPOINT WARNING * * *
The hippogriff misses you. The hippogriff closely misses you.
The hippogriff claws you but does no damage.
The worm bites you.
You die...

## ## .##
.# w. #
.#. # #.
#w# .#
#.##w##.#
#'.3@H#
###.##H#
#+# .# #


You could see 2 hippogriffs, a neqoxec and 2 worms.

Vanquished Creatures
  A neqoxec (D)
1 creature vanquished.

Notes
Turn   | Place    | Note
--------------------------------------------------------------
     0 | D        | Kagutsuchi the Draconian Berserker began the quest for the Orb.
     0 | D        | Reached XP level 1. HP: 19/19 MP: 1/1
     1 | D        | Noticed a neqoxec
     6 | D        | Noticed a crimson imp
     6 | D        | Noticed a crimson imp
     9 | D        | Noticed a crimson imp
    11 | D        | Gained mutation: Your magical capacity is low (-10% MP). [a neqoxec]
    12 | D        | Gained mutation: You occasionally shout uncontrollably at your foes. [a neqoxec]
    15 | D        | Killed a neqoxec
    15 | D        | Reached skill level 7 in Fighting
    15 | D        | Reached skill level 5 in Dodging
    15 | D        | Reached XP level 2. HP: 16/34 MP: 1/1
    15 | D        | Reached XP level 3. HP: 18/39 MP: 2/2
    15 | D        | Reached XP level 4. HP: 22/47 MP: 3/3
    21 | D        | Noticed a neqoxec
    21 | D        | Noticed a hippogriff
    21 | D        | Noticed a hippogriff
    24 | D        | Slain by a worm

Skill      XL: |  1 |
---------------+----+-----
Fighting       | 7 |  7.0
Long Blades    | 6 |  6.2
Dodging        | 5 |  5.9

Action                   |  1- 3 |  4- 6 || total
-------------------------+-------+-------++-------
Melee: Falchion          |     9 |       ||     9
       Tailslap          |     1 |       ||     1
Invok: Berserk           |     1 |       ||     1
  Use: Potion            |       |     1 ||     1
  Eat: Bread ration      |       |     1 ||     1
Armor: Skin              |     2 |     4 ||     6
Dodge: Dodged            |     5 |     8 ||    13
